 Dungeon Crawl Stone Soup version 0.31-a0-187-gba352fbbf7 (webtiles) character file.

Game seed: 13782730984048918962

29 qw the Shooter (level 3, -1/20 HPs)
             Began as a Deep Elf Hunter on June 22, 2023.
             Slain by Natasha (3 damage)
             ... on level 2 of the Dungeon.
             The game lasted 00:00:17 (565 turns).

qw the Shooter (Deep Elf Hunter)                     Turns: 565, Time: 00:00:17

Health: -1/20      AC:  5    Str: 10    XL:     3   Next: 1%
Magic:  5/5        EV: 11    Int: 13    God:
Gold:   84         SH:  0    Dex: 18    Spells: 2/2 levels left

rFire   . . .        Y - +0 shortbow
rCold   . . .        (shield currently unavailable)
rNeg    . . .        e - +0 ring mail
rPois   .            (no helmet)
rElec   .            (no cloak)
rCorr   .            (no gloves)
SInv    .            (no boots)
Will    .....        (no amulet)
Stlth   +            (no ring)
HPRegen 0.23/turn    (no ring)
MPRegen 0.09/turn

%: no passive effects
@: slowed, very slow
A: no striking features
a: no special abilities


You were on level 2 of the Dungeon.
You visited 1 branch of the dungeon, and saw 2 of its levels.

You collected 84 gold pieces.


   Skills:
 - Level 1.5 Fighting
 + Level 6.6 Ranged Weapons
 - Level 2.4 Dodging
 - Level 1.2 Stealth


You had 2 spell levels left.
You didn't know any spells.
Your spell library was empty.

Inventory:

Hand Weapons
 Y - a +0 shortbow (weapon)
Armour
 e - a +0 ring mail (worn)

Dungeon Overview and Level Annotations

Branches:
Dungeon (2/15)

Altars:

Annotations:
D:2 Natasha


Message History

Natasha, Servant of Life and Death comes into view.
You shoot an arrow. The arrow hits Natasha!
Natasha hisses angrily.
Natasha is severely wounded.
You shoot an arrow. The arrow hits Natasha.
Natasha is almost dead.
Natasha mumbles some strange words.
You shoot an arrow. The arrow barely misses Natasha.
Natasha stares at you and mumbles some strange words.
The magic dart hits you!
559 ||| FLEEEEING.
Natasha stares at you and mumbles some strange words.
You feel yourself slow down.
560 ||| Stepping ~*~*~tactically~*~*~ (outnumbered).
You shoot an arrow.
The arrow barely misses the cerulean imp.
Natasha casts a spell at you. The magic dart hits you!
The cerulean imp hits you but does no damage.
You shoot an arrow.
The arrow barely misses the cerulean imp.
Natasha casts a spell at you. You resist with some effort.
The cerulean imp hits you but does no damage. x2
You shoot an arrow. The arrow hits the cerulean imp.
The cerulean imp is lightly wounded.
The cerulean imp hits you from afar with a +1 spear.
Natasha casts a spell.
The cerulean imp closely misses you.
You shoot an arrow. The arrow barely misses Natasha.
The cerulean imp hits you but does no damage.
Natasha extends her claws.
Natasha stares at you and mumbles some strange words.
The magic dart hits you. The cerulean imp closely misses you.
You shoot an arrow. The arrow closely misses Natasha.
The arrow hits the cerulean imp but does no damage.
Natasha mumbles some strange words.
The cerulean imp hits you but does no damage. x2
Natasha claws you.
You die...

.# .# .# . ..
...#######.# .
........#.###...
#. ###.#.......
#.#.@h5.......
####..5..##..#.#.
.......<.5......
###.......>...h..
.........#.###.#.
###.##.#.#.# ..
#. ......# . #
##.#.#.# ......


You could see Natasha and 3 cerulean imps.

Vanquished Creatures
  2 endoplasms (D:1)
  A giant cockroach (D:1)
  3 goblins (D:1)
  5 hobgoblins (D:1)
  3 jackals (D:1)
  7 ball pythons (D:1)
  A bat (D:1)
  A frilled lizard (D:1)
  2 kobolds (D:1)
25 creatures vanquished.

Notes
Turn   | Place    | Note
-------+----------+-------------------------------------------
     0 | D:1      | qw the Deep Elf Hunter began the quest for the Orb.
     0 | D:1      | Reached XP level 1. HP: 12/12 MP: 3/3
     0 | D:1      | 0 ||| qw: Version: 0.3-a-9-g12657ce
     0 | D:1      | 0 ||| qw: Game counter: 2229
     0 | D:1      | 0 ||| qw: Always use a shield: true
     0 | D:1      | 0 ||| qw: God list: Okawaru
     0 | D:1      | 0 ||| qw: Allow faded altars: false
     0 | D:1      | 0 ||| qw: Do Orc after D:15 true
     0 | D:1      | 0 ||| qw: Do second Lair branch before Depths: true
     0 | D:1      | 0 ||| qw: Lair rune preference: random
     0 | D:1      | 0 ||| qw: Plans: Normal
     0 | D:1      | 0 ||| PLANNING D:1-11
   119 | D:1      | Reached XP level 2. HP: 16/16 MP: 4/4
   122 | D:1      | Reached skill level 6 in Ranged Weapons
   478 | D:1      | Reached XP level 3. HP: 20/20 MP: 5/5
   512 | D:1      | 512 ||| UPGRADING to +0 ring mail.
   522 | D:1      | 522 ||| DROPPING +0 leather armour.
   523 | D:1      | 523 ||| READING scroll labelled HULUGYX SIDO.
   524 | D:1      | 524 ||| READING 2 scrolls labelled DAECHYUGUA.
   525 | D:1      | 525 ||| DROPPING scroll of butterflies.
   526 | D:1      | 526 ||| DROPPING scroll of revelation.
   555 | D:2      | Noticed Natasha
   559 | D:2      | 559 ||| FLEEEEING.
   560 | D:2      | 560 ||| Stepping ~*~*~tactically~*~*~ (outnumbered).
   564 | D:2      | HP: 2/20 [Natasha/magic dart (5)]
   565 | D:2      | Slain by Natasha

Levels and vault maps discovered:
D:1:      dpeg_arrival_connections, layout_basic, minmay_3d_cube
D:2:      layout_basic, basic_altar, chequers_arboretum, glass_columns_a,
          hangedman_abyss_or_decor_stabs, uniq_natasha, uniq_robin

Skill      XL: |  1  2 |
---------------+-------+-----
Ranged Weapons | 6 |  6.6
Fighting       | |  1.5
Dodging        | |  2.4
Stealth        | |  1.2

Action                     || total
---------------------------++-------
   Fire: Shortbow          ||    64
    Use: Scroll            ||     2
 Armour: Leather armour    ||     4
         Ring mail         ||     6
  Dodge: Dodged            ||    26

Table legend:
 A = Non-vault XP
 B = Vault XP
 C = Vault XP percentage of total XP
 D = Non-vault monster count
 E = Vault monster count
 F = Vault count percentage of total count
                 A         B        C        D         E       F
            +---------+---------+-------+---------+---------+-------
      Total |      34 |       8 |  19.0 |      21 |       4 |  16.0
            +---------+---------+-------+---------+---------+-------
        D:1 |      34 |       8 |  19.0 |      21 |       4 |  16.0
            +---------+---------+-------+---------+---------+-------
